Map: Efflorescence LE

Players

qqq - Winner!

  • Race: Protoss Protoss
  • League: Platinum
  • Spawn Location: 12:00

Massa - Winner!

  • Race: Terran Terran
  • League: Platinum
  • Spawn Location: 3:00

КРАБ

  • Race: Terran Terran
  • League: Platinum
  • Spawn Location: 6:00

ASTE

  • Race: Terran Terran
  • League: Silver
  • Spawn Location: 9:00

VOD

Have the link to the VOD?

Description

Time

  • Played on: Sept. 30, 2020, 12:20 p.m.
  • Length: 3:35
Show
View Real Time Build Order
Export as new Build Order

qqq Protoss - Winner!

Build Orders:  

Get SALT Encoding   

  12  0:10  Pylon  
  12  0:13  Probe  
  13  0:26  Probe  
  14  0:34  Forge  
  14  0:39  Probe  
  15  0:51  Pylon  
  15  0:59  Pylon  
  14  1:18  Photon Cannon  
  14  1:29  Probe  
  15  1:41  Probe  
  15  1:42  Pylon  
  15  1:44  Pylon  
  15  1:46  Pylon  
  16  1:48  Pylon  
  16  2:04  Photon Cannon  
  15  2:17  Photon Cannon  
  15  2:27  Pylon  
  15  2:41  Gateway  
  15  2:51  Pylon  
  15  3:14  Photon Cannon  
  15  3:18  Photon Cannon  
Show
View Real Time Build Order
Export as new Build Order

Massa Terran - Winner!

Build Orders:  

Get SALT Encoding   

  12  0:00  SCV  
  13  0:12  SCV  
  14  0:18  Supply Depot  
  14  0:24  SCV  
  15  0:39  SCV  
  15  0:41  Barracks  
  16  0:46  Refinery  
  16  0:52  SCV  
  17  0:58  Refinery  
  17  1:04  SCV  
  18  1:14  Barracks  
  18  1:17  SCV  
  19  1:29  SCV  
  20  1:37  Reaper  
  21  1:45  Bunker  
  21  2:03  Reaper  
  22  2:09  Reaper  
  23  2:27  Supply Depot  
  23  2:29  Supply Depot  
  23  2:32  Factory  
  23  2:45  Reaper  
  23  2:47  Reaper  
Show
View Real Time Build Order
Export as new Build Order

КРАБ Terran 

Build Orders:  

Get SALT Encoding   

  12  0:01  SCV  
  13  0:18  Supply Depot  
  13  0:20  SCV  
  14  0:26  Refinery  
  14  0:34  SCV  
  15  0:36  Refinery  
  15  0:59  SCV  
  15  1:04  Barracks  
  16  1:20  Barracks  
  16  1:26  SCV  
  17  1:59  Reaper  
  17  2:12  Reaper  
  17  2:17  SCV  
  18  2:31  Marine  
  18  2:44  Marine  
  18  2:50  Supply Depot  
  19  2:54  SCV  
  19  2:59  Barracks Reactor  
  19  3:14  Supply Depot  
  19  3:15  SCV  
Show
View Real Time Build Order
Export as new Build Order

ASTE Terran 

Build Orders:  

Get SALT Encoding   

  12  0:00  SCV  
  13  0:16  Supply Depot  
  13  0:19  SCV  
  14  0:31  SCV  
  15  0:43  SCV  
  16  1:39  Supply Depot  
  16  1:40  Barracks  
  16  2:45  Barracks  
  16  3:18  Supply Depot  
Tags
 
Add a new tag
Caveats
  • Supply blocks, unpowered buildings, or Contaminate may cause inaccurate times.
  • Supply counts are checked every 10 seconds.